 Dungeon Crawl Stone Soup version 0.19-a0-1487-g96ce7ed (webtiles) character file.

29 LORDOFBUTT the Shield-Bearer (level 3, -5/29 HPs)
             Began as a Formicid Fighter on Sept 8, 2016.
             Killed from afar by Crazy Yiuf (13 damage)
             ... with a wand of flame
             ... on level 2 of the Dungeon.
             The game lasted 00:01:17 (944 turns).

LORDOFBUTT the Shield-Bearer (Formicid Fighter)      Turns: 944, Time: 00:01:18

Health: -5/29      AC:  7    Str: 25    XL:     3   Next: 32%
Magic:  3/3        EV:  8    Int:  7    God:
Gold:   68         SH: 10    Dex: 11    Spells: 0 memorised, 2 levels left

rFire  . . .     SeeInvis +     a - +0 war axe
rCold  . . .     Gourm    .     b - +0 scale mail
rNeg   . . .     Faith    .     c - +0 shield
rPois  .         Spirit   .     (helmet unavailable)
rElec  .         Dismiss  .     (no cloak)
rCorr  .         Reflect  .     (no gloves)
MR     .....     Harm     .     (no boots)
Stlth  ..........               (no amulet)
                                (no ring)
                                (no ring)

@: mighty
A: permanent stasis, dig shafts and tunnels, four strong arms, antennae 3
a: Dig, Shaft Self


You were on level 2 of the Dungeon.
You were not hungry.

You visited 1 branch of the dungeon, and saw 2 of its levels.

You collected 68 gold pieces.

Inventory:

Hand Weapons
 a - a +0 war axe (weapon)
Armour
 b - a +0 scale mail (worn)
 c - a +0 shield (worn)
Jewellery
 e - a cursed amulet of inaccuracy {unknown}
 k - an uncursed ring of ice {unknown}
 m - an uncursed ring of see invisible {unknown}
 o - an uncursed ring of magical power {unknown}
Scrolls
 h - a scroll of identify {unknown}
 i - 2 scrolls of remove curse {unknown}
 l - a scroll of immolation {unknown}
 p - a scroll of random uselessness {unknown}
 q - a scroll of recharging {unknown}
 r - a scroll of blinking {unknown}
 t - a scroll of teleportation {unknown}
 u - a scroll of amnesia {unknown}
Potions
 d - a potion of might
 g - 2 potions of heal wounds {unknown}
 n - a potion of ambrosia {unknown}
Comestibles
 f - a bread ration
 j - a meat ration
 s - a slice of pizza


   Skills:
 + Level 3.6 Fighting
 + Level 2.2 Axes
 + Level 3.8 Armour
 + Level 3.9 Shields


You had 2 spell levels left.
You didn't know any spells.

Dungeon Overview and Level Annotations

Branches:
Dungeon (2/15)

Altars:

Annotations:
D:2 Crazy Yiuf


Innate Abilities, Weirdness & Mutations

You are under a permanent stasis effect.
You can dig through walls and to a lower floor.
Your four strong arms can wield two-handed weapons with a shield.
You have a pair of large antennae on your head. (SInv)


Message History

Crazy Yiuf drinks a potion.
Crazy Yiuf seems to grow stronger.
You barely miss Crazy Yiuf.
Crazy Yiuf zaps a wand.
You block the puff of flame.
You hit Crazy Yiuf.
Crazy Yiuf is lightly wounded.
Crazy Yiuf barely misses you. You block Crazy Yiuf's attack.
You hit Crazy Yiuf but do no damage.
Crazy Yiuf is lightly wounded.
Crazy Yiuf zaps a wand.
The puff of flame hits you!
You closely miss Crazy Yiuf.
Crazy Yiuf is lightly wounded.
Crazy Yiuf zaps a wand.
The puff of flame hits you!
You barely miss Crazy Yiuf.
Crazy Yiuf is lightly wounded.
Crazy Yiuf zaps a wand.
The puff of flame hits you!
* * * LOW HITPOINT WARNING * * *
You block Crazy Yiuf's attack.
You feel very mighty all of a sudden.
Crazy Yiuf zaps a wand.
The puff of flame hits you!
You die...

{
♣....♣
#.#
#..
♣...♣♣
###
#..
♣♣.♣♣
#..
♣.♣♣
#..
♣♣.♣
#..
♣.♣♣
#..
♣♣.♣
#..
##'##
#..
#.@.#
#..
#.g.#
#..
#..)#
#..
#####
#..
#..
#..
###


You could see Crazy Yiuf.

Vanquished Creatures
  An adder (D:2)
  4 bats
  3 giant cockroaches
  2 goblins (D:1)
  3 hobgoblins (D:1)
  A giant newt (D:1)
  4 kobolds
  2 rats (D:1)
20 creatures vanquished.

Notes
Turn   | Place    | Note
-------+----------+-------------------------------------------
     0 | D:1      | LORDOFBUTT the Formicid Fighter began the quest for the Orb.
     0 | D:1      | Reached XP level 1. HP: 18/18 MP: 1/1
   184 | D:1      | Reached XP level 2. HP: 21/24 MP: 2/2
   751 | D:2      | Reached XP level 3. HP: 29/29 MP: 3/3
   932 | D:2      | Found a runed door.
   936 | D:2      | Noticed Crazy Yiuf
   944 | D:2      | Killed from afar by Crazy Yiuf

Vault maps used:
D:1:      tarquinn_simple_flora_water_f, corner_web_ring
D:2:      uniq_crazy_yiuf_cottage

Action                   || total
-------------------------++-------
Melee: War axe           ||    65
  Use: Potion            ||     1
Armor: Scale mail        ||    32
Dodge: Dodged            ||    17
Block: Shield            ||    39
